 Dungeon Crawl Stone Soup version 0.21-a0-630-g344d351 (webtiles) character file.

192146 Alarkh the Earth Mage (level 18, -11/105 HPs)
             Began as a Gargoyle Earth Elementalist on Dec 26, 2017.
             Was the Champion of Zin.
             Mangled by an emperor scorpion (17 damage)
             ... on level 4 of the Spider Nest.
             The game lasted 02:18:18 (42594 turns).

Alarkh the Earth Mage (GrEE)                       Turns: 42594, Time: 02:18:19

Health: -11/105    AC: 29    Str: 15      XL:     18   Next: 22%
Magic:  0/30       EV: 21    Int: 25      God:    Zin [******]
Gold:   1369       SH:  9    Dex: 14 (15) Spells: 7/33 levels left

rFire    + + .     SeeInvis .   a - staff of earth
rCold    + . .     Gourm    .   o - +3 buckler {rF+}
rNeg     + . .     Faith    .   E - +4 troll leather armour
rPois    ∞         Spirit   .   G - +2 helmet
rElec    +         Reflect  .   N - scarf {rC+ rF+}
rCorr    +         Harm     .   Q - +0 pair of gloves
MR       +....                  z - +0 pair of boots
Stlth    +++.......             r - amulet of regeneration
HPRegen  1.07/turn              h - ring of resist corrosion
MPRegen  0.22/turn              n - +4 ring of intelligence

@: agile, about to teleport, flying
A: big wings, negative energy resistance 1, electricity resistance, unbreathing,
petrification resistance, rot immunity, AC +13
}: 1/15 runes: gossamer
a: Stop Flying, Recite, Vitalisation, Imprison, Sanctuary, Donate Gold, Renounce
Religion


You were on level 4 of the Spider Nest.
You worshipped Zin.
Zin was exalted by your worship.
You were hungry.

You visited 5 branches of the dungeon, and saw 28 of its levels.
You also visited: Sewer and Ice Cave.

You collected 2606 gold pieces.
You spent 1040 gold pieces at shops.
You donated 197 gold pieces to Zin.

Inventory:

Armour
 o - a +3 buckler of fire resistance (worn)
 z - a +0 pair of boots (worn)
 E - a +4 troll leather armour (worn)
 F - a scarf of cloud immunity
 G - a +2 helmet (worn)
 N - a scarf of resistance (worn)
 Q - a +0 pair of gloves (worn)
Magical Staves
 a - an uncursed staff of earth (weapon)
 b - an uncursed staff of energy
Jewellery
 h - a ring of resist corrosion (left hand)
 n - a +4 ring of intelligence (right hand)
 r - an amulet of regeneration (around neck)
 P - a +3 ring of dexterity
Wands
 i - a wand of disintegration (9)
 v - a wand of paralysis (6)
 U - a wand of digging (8)
Scrolls
 e - 4 scrolls of identify
 g - a scroll of amnesia
 j - 3 scrolls of enchant armour
 l - a scroll of holy word
 t - a scroll of fear
 u - 5 scrolls of magic mapping
 x - 6 scrolls of remove curse
 H - 3 scrolls of fog
Potions
 f - 4 potions of agility
 p - 7 potions of curing
 A - 2 potions of haste
 K - 2 potions of resistance
Books
 k - a book of Maledictions

   Spells                             Type                      Level
   a - Corona                         Hexes                        1
   b - Ensorcelled Hibernation        Hexes/Ice                    2
   c - Confuse                        Hexes                        3
   d - Tukima's Dance                 Hexes                        3
   e - Dazzling Spray                 Conjuration/Hexes            3
Miscellaneous
 m - a lightning rod (inert)
Comestibles
 d - 32 rations
 q - 2 chunks of flesh


   Skills:
 - Level 9.0 Fighting
 + Level 13.2 Staves
 - Level 9.0 Armour
 + Level 7.9 Dodging
 - Level 2.1 Stealth
 - Level 9.0 Shields
 - Level 8.1 Spellcasting
 - Level 8.8 Conjurations
 - Level 0.7 Transmutations
 - Level 1.0 Fire Magic
 * Level 17.5 Earth Magic
 + Level 14.3 Invocations
 * Level 8.3 Evocations


You had 7 spell levels left.
You knew the following spells:

 Your Spells              Type           Power        Failure   Level  Hunger
a - Stone Arrow           Conj/Erth      ######       1%          3    None
b - Passwall              Tmut/Erth      ######....   1%          2    None
c - Sandblast             Erth           ######       0%          1    None
d - Darkness              Hex            ##........   100%        6    ######.
e - Conjure Flame         Conj/Fire      ####....     2%          3    None
f - Invisibility          Hex            ##......     100%        6    ######.
r - Lee's Rapid Deconstr  Erth           #######...   1%          5    ####...


Dungeon Overview and Level Annotations

Branches:
Dungeon (15/15)            Temple (1/1) D:5            Lair (6/6) D:11
 Shoals (0/4) Lair:2       Spider (4/4) Lair:2        Slime (0/5) Lair:5
    Orc (2/2) D:10            Elf (0/3) Orc:2        Vaults (0/5) D:13
 Depths (0/5) D:15

Altars:
Ashenzari
Cheibriados
Dithmenos
Elyvilon
Fedhas
Gozag
Hepliaklqana
Kikubaaqudgha
Makhleb
Nemelex Xobeh
Okawaru
Qazlal
Ru
Sif Muna
Trog
Uskayaw
Vehumet
Wu Jian
Xom
Yredelemnul
Zin
The Shining One

Shops:
D:5 :   D:6 *   D:9 (   D:10 =   D:15 (**   Orc:2 }}?%


Innate Abilities, Weirdness & Mutations

You are resistant to torment.
Your stone body is resilient. (AC +13)
You are immune to poison.
Your large and strong wings let you fly indefinitely.
You resist negative energy. (rN+)
You are resistant to electric shocks. (rElec)
You can survive without breathing.
You are immune to petrification.
You are immune to rotting.


Message History

The emperor scorpion barely misses you.
The emperor scorpion completely misses you.
Unknown command.
Okay, then.
As you read the scroll of teleportation, it crumbles to dust.
You feel strangely unstable.
The emperor scorpion splashes around in the water. x2
The emperor scorpion closely misses you.
The emperor scorpion stings you!
* * * LOW HITPOINT WARNING * * *
The emperor scorpion splashes around in the water.
The emperor scorpion claws you!
* * * LOW HITPOINT WARNING * * *
You feel you are being watched by something.
Something hits you but does no damage. x2
Something stings you but does no damage.
The emperor scorpion splashes around in the water. x2
You block the emperor scorpion's attack.
The moth of wrath closely misses you. The emperor scorpion stings you!
You die...

.#...### ##.###....#
#^....... .....#
##.≈#.#..≈.# ##^..##..
..#..# #≈..#.##.≈.#
##...^.#. .^.###
#.≈≈..≈#..^###.#.^....
(..##
##≈.;...#...##...^###..
....#
#^...(.^#...###..#...#.
.#..#
##.≈≈.≈≈.##†.###......#.
..^##
#≈≈.#.sy≈!#.†≈##........
...#
#..##ss@≈.#..≈##.#.#^#..
####
#≈.#..s.≈.#≈.####....#..
#..#..≈≈!.#..# #..#.^..
#≈.##.≈≈..#..# #....#..
##..#.≈≈..#..####.^...#.
#..#..≈.##...##........
##.##.≈.#≈...###.......
#.≈#..^#≈.≈###...#^..#
#..# ##≈..##.......#.


You could see 4 emperor scorpions, a moth of wrath and an electric eel.

Vanquished Creatures
  A frost giant (IceCv)
  8 emperor scorpions
  Aizul (Lair:2)
  4 ghost moths
  A war gargoyle (D:14)
  2 entropy weavers
  2 dire elephants
  2 spark wasps
  Snorg (D:14)
  3 rakshasas
  Harold (Lair:4)
  8 vault guards
  3 hydras
  2 death knights
  Erica (D:8)
  5 two-headed ogres
  2 catoblepae
  11 death yaks
  A deep troll shaman (Lair:6)
  4 orc high priests
  Nergalle (Lair:2)
  Urug (D:12)
  Sonja (Lair:4)
  2 unseen horrors
  A glowing orange brain (D:15)
  An obsidian statue (D:9)
  A lindwurm (shapeshifter) (D:11)
  25 orb spiders
  6 orc sorcerers
  4 orc knights (Orc:2)
  33 wolf spiders
  6 ugly things
  A wolf spider zombie (D:13)
  3 manticores
  A deep elf mage (D:14)
  2 cyclopes
  4 oklob plants (Lair:5)
  21 elephants
  4 moths of wrath
  7 black mambas
  The ghost of Doomer the Chopper, a novice HOFi of Cheibriados (D:5)
  An ice statue (IceCv)
  3 centaur skeletons
  15 spiny frogs
  9 gargoyles
  4 rime drakes
  A kobold demonologist (D:14)
  18 demonic crawlers
  6 komodo dragons
  A jumping spider (shapeshifter) (D:15)
  A merfolk (shapeshifter) (D:15)
  39 jumping spiders
  The ghost of zero the Covert, a novice SpEn (D:6)
  15 polar bears
  6 trolls
  4 slime creatures (D:15)
  8 hornets
  8 hippogriffs
  A meliai zombie (D:14)
  18 blink frogs
  86 redbacks
  2 spriggans
  A shadow (D:15)
  42 tarantellas
  2 wraiths (D:14)
  A spriggan (shapeshifter) (D:15)
  49 yaks
  7 wyverns
  5 basilisks
  A steam dragon (D:11)
  7 hungry ghosts
  4 vampire mosquitoes
  2 wargs (Orc:1)
  2 acid dragons
  2 hell hounds (D:11)
  A soldier ant (shapeshifter) (D:15)
  10 porcupines
  20 water moccasins
  An ice beast (D:6)
  19 orc warriors
  3 sky beasts
  11 ogres
  An eye of draining (D:9)
  4 black bears
  4 phantoms
  A hornet zombie (D:6)
  17 crocodiles
  29 wolves
  6 centaurs
  A crocodile (shapeshifter) (D:15)
  6 big kobolds
  Blork the orc (D:5)
  21 bullfrogs
  6 scorpions
  2 wyvern skeletons
  6 killer bees (D:11)
  4 troll zombies (D:10)
  3 wights (D:12)
  9 electric eels
  10 howler monkeys
  9 crimson imps
  2 bullfrog zombies
  4 jellies
  3 centaur zombies
  5 hounds
  Crazy Yiuf (D:4)
  15 orc priests
  A bullfrog skeleton (D:7)
  3 iguanas
  19 orc wizards
  11 worker ants
  4 ogre zombies
  A hound skeleton (D:6)
  A worker ant zombie (D:8)
  2 howler monkey skeletons
  4 gnolls (D:10)
  2 river rats (Sewer)
  18 adders
  4 shadow imps
  4 oozes (Sewer)
  2 adder skeletons
  An adder zombie (D:5)
  10 worms
  5 dart slugs
  4 leopard geckos
  74 orcs
  3 giant cockroaches
  7 goblins
  10 hobgoblins
  4 jackals (D:6)
  12 kobolds
  3 quokkas
  8 ball pythons
  9 bats
  3 frilled lizards
  A goblin skeleton (D:10)
  3 goblin zombies (D:10)
  A hobgoblin skeleton (D:10)
  3 hobgoblin zombies (D:10)
  A leopard gecko zombie (D:5)
  An orc skeleton (D:10)
  16 orc zombies (D:10)
  A quokka zombie (D:7)
  3 rats
  8 fungi
  A pillar of salt (D:15)
  6 plants
1070 creatures vanquished.

Vanquished Creatures (others)
  A demonic crawler (Spider:3)
  A jumping spider (Spider:3)
  An orc priest (Orc:2)
  85 fungi
  4 pillars of salt
  48 plants
140 creatures vanquished.

Grand Total: 1210 creatures vanquished

Notes
Turn   | Place    | Note
-------+----------+-------------------------------------------
     0 | D:1      | Alarkh the Gargoyle Earth Elementalist began the quest for the Orb.
     0 | D:1      | Reached XP level 1. HP: 10/10 MP: 3/3
   198 | D:1      | Reached skill level 4 in Earth Magic
   198 | D:1      | Reached XP level 2. HP: 15/15 MP: 0/5
  1112 | D:2      | Reached XP level 3. HP: 19/19 MP: 4/6
  1521 | D:2      | Learned a level 2 spell: Passwall
  1525 | D:2      | Learned a level 3 spell: Stone Arrow
  1793 | D:2      | Reached XP level 4. HP: 24/24 MP: 4/8
  2311 | D:3      | Reached skill level 5 in Earth Magic
  2649 | D:3      | Reached skill level 1 in Conjurations
  2865 | D:3      | Reached XP level 5. HP: 28/28 MP: 7/10
  2997 | D:4      | Noticed a phantom
  2997 | D:4      | Noticed an ogre
  3001 | D:4      | Killed an ogre
  3012 | D:4      | Killed a phantom
  3012 | D:4      | Reached XP level 6. HP: 25/32 MP: 2/12
  3065 | D:4      | Reached skill level 6 in Earth Magic
  3085 | D:4      | Found a glowing drain.
  3141 | Sewer    | Entered a sewer
  3416 | Sewer    | Reached XP level 7. HP: 36/36 MP: 6/13
  3991 | D:4      | Reached skill level 7 in Earth Magic
  4026 | D:4      | Reached skill level 5 in Spellcasting
  4235 | D:4      | Reached XP level 8. HP: 41/41 MP: 12/15
  4471 | D:4      | Found a runed door.
  4475 | D:4      | Noticed Crazy Yiuf
  4477 | D:4      | Killed Crazy Yiuf
  4529 | D:5      | Entered Level 5 of the Dungeon
  4587 | D:5      | Reached skill level 1 in Staves
  4587 | D:5      | Reached skill level 5 in Conjurations
  4740 | D:5      | Found Plog's Book Boutique.
  4751 | D:5      | Noticed Doomer's ghost (novice HOFi)
  4787 | D:5      | Found a staircase to the Ecumenical Temple.
  4796 | Temple   | Entered the Ecumenical Temple
  4956 | Temple   | Became a worshipper of Zin the Law-Giver
  4956 | Temple   | Reached * piety under Zin
  5063 | D:5      | Noticed Blork the orc
  5072 | D:5      | Killed Blork the orc
  5146 | D:4      | Reached skill level 1 in Invocations
  5296 | D:6      | Reached skill level 8 in Earth Magic
  5413 | D:6      | Found Raec's Serpentskin Sales.
  5421 | D:6      | Reached XP level 9. HP: 39/45 MP: 11/17
  5873 | D:6      | Reached ** piety under Zin
  6322 | D:7      | Found a radiant altar of Vehumet.
  6488 | D:6      | Noticed zero's ghost (novice SpEn)
  6546 | D:6      | Found Raec's Serpentskin Sales.
  6666 | D:6      | Killed zero's ghost
  6858 | D:5      | Killed Doomer's ghost
  6858 | D:5      | Reached skill level 5 in Staves
  6989 | D:5      | Found a burning altar of Makhleb.
  7498 | D:7      | Found a hazy altar of Hepliaklqana.
  7680 | D:8      | Reached skill level 9 in Earth Magic
  7764 | D:8      | Reached *** piety under Zin
  7809 | D:8      | Noticed a hornet
  7816 | D:8      | Killed a hornet
  7816 | D:8      | Reached XP level 10. HP: 17/50 MP: 6/19
  8377 | D:8      | Reached **** piety under Zin
  8857 | D:9      | Noticed Erica
  8911 | D:8      | Killed Erica
  8977 | D:9      | Reached skill level 5 in Invocations
  9084 | D:9      | Found Ezihair's Antique Weapon Shoppe.
  9106 | D:9      | Noticed an obsidian statue
  9232 | D:9      | Noticed a two-headed ogre
  9244 | D:9      | Killed a two-headed ogre
  9418 | D:9      | You fall through a shaft!
  9418 | D:10     | Entered Level 10 of the Dungeon
  9418 | D:10     | Found Rebbeatu's Jewellery Boutique.
  9759 | D:9      | Reached skill level 10 in Earth Magic
  9947 | D:9      | Reached XP level 11. HP: 54/54 MP: 9/22
 10778 | D:9      | Identified the Compendium of Ashen Necromancy
 11092 | D:9      | Killed an obsidian statue
 12152 | D:10     | Found a staircase to the Orcish Mines.
 12160 | D:10     | Reached ***** piety under Zin
 12645 | D:11     | Noticed a manticore
 12865 | D:11     | Noticed a brown ugly thing
 12870 | D:11     | Noticed a green ugly thing
 12919 | D:11     | Killed a green ugly thing
 12919 | D:11     | Reached skill level 1 in Fighting
 12919 | D:11     | Reached skill level 1 in Armour
 12919 | D:11     | Reached skill level 11 in Earth Magic
 13004 | D:11     | Killed a manticore
 13004 | D:11     | Reached skill level 1 in Shields
 13004 | D:11     | Reached XP level 12. HP: 59/61 MP: 10/24
 13503 | D:11     | Reached skill level 10 in Staves
 13755 | D:11     | Found a staircase to the Lair.
 13799 | D:11     | Noticed a death knight
 13835 | D:11     | Killed a death knight
 14889 | D:12     | Noticed a four-headed hydra
 15009 | D:11     | Killed a four-headed hydra
 15611 | D:12     | Reached skill level 12 in Earth Magic
 15679 | D:12     | Noticed Urug
 15689 | D:12     | Killed Urug
 15690 | D:12     | Noticed a two-headed ogre
 15694 | D:12     | Killed a two-headed ogre
 16097 | D:12     | Noticed a rakshasa
 16129 | D:12     | Killed a rakshasa
 16129 | D:12     | Reached XP level 13. HP: 45/70 MP: 1/25
 16484 | D:13     | Found a gate to the Vaults.
 16484 | D:13     | Noticed a vault guard
 16484 | D:13     | Noticed a vault guard
 16484 | D:13     | Noticed a vault guard
 16485 | D:13     | Noticed a vault guard
 16485 | D:13     | Noticed a vault guard
 16485 | D:13     | Noticed a vault guard
 16485 | D:13     | Noticed a vault guard
 16485 | D:13     | Noticed a vault guard
 16557 | Lair:1   | Entered Level 1 of the Lair of Beasts
 17082 | Lair:1   | Reached ****** piety under Zin
 17907 | Lair:2   | Found a staircase to the Shoals.
 17935 | Lair:2   | Found a hole to the Spider Nest.
 18241 | Lair:2   | Noticed Nergalle
 18490 | Lair:2   | Killed Nergalle
 18643 | Lair:2   | Noticed a dire elephant
 18764 | Lair:2   | Reached skill level 5 in Armour
 18915 | Lair:2   | Killed a dire elephant
 18915 | Lair:2   | Reached skill level 13 in Earth Magic
 18929 | Lair:2   | Reached skill level 5 in Fighting
 18929 | Lair:2   | Reached skill level 5 in Shields
 19381 | Lair:1   | You fall through a shaft!
 20511 | Lair:4   | Noticed Harold
 20518 | Lair:4   | Killed Harold
 20518 | Lair:4   | Gained mutation: Your large and strong wings let you fly indefinitely. [Gargoyle growth]
 20518 | Lair:4   | Reached XP level 14. HP: 78/78 MP: 13/26
 20679 | Lair:4   | Noticed Sonja
 20860 | Lair:4   | Killed Sonja
 21249 | Lair:4   | Reached skill level 10 in Invocations
 22067 | Lair:5   | Found a staircase to the Slime Pits.
 22127 | Lair:5   | You are sucked into a shaft!
 22127 | Lair:6   | Entered Level 6 of the Lair of Beasts
 23108 | Lair:5   | Learned a level 3 spell: Conjure Flame
 23571 | Lair:5   | Reached skill level 5 in Dodging
 23730 | Lair:5   | Learned a level 5 spell: Lee's Rapid Deconstruction
 23737 | Lair:5   | Learned a level 6 spell: Darkness
 23744 | Lair:5   | Learned a level 6 spell: Invisibility
 23813 | Lair:6   | Reached skill level 14 in Earth Magic
 24114 | Lair:6   | Reached skill level 1 in Fire Magic
 25515 | Lair:6   | Reached XP level 15. HP: 73/85 MP: 14/27
 26690 | Lair:6   | Reached skill level 1 in Evocations
 26835 | Lair:6   | Got a warped flail
 26836 | Lair:6   | Identified the cursed +1 flail of Trial by Ordeal {speed, *Contam rC+ Str-4 Int+8} (You found it on level 6 of the Lair of Beasts)
 27164 | Orc:1    | Entered Level 1 of the Orcish Mines
 27978 | Orc:2    | Entered Level 2 of the Orcish Mines
 28080 | Orc:2    | Found a staircase to the Elven Halls.
 28426 | Orc:2    | Found Nufeulax's Food Shop.
 28945 | Orc:2    | Reached skill level 15 in Earth Magic
 28988 | Orc:2    | Found Codel's Magic Scroll Shop.
 28990 | Orc:2    | Found Riuqotul's Gadget Shoppe.
 29120 | Orc:2    | Found Qoanuet's Gadget Shoppe.
 29181 | Orc:2    | Bought a scroll of acquirement for 884 gold pieces
 29556 | Orc:2    | Bought a scroll of blinking for 127 gold pieces
 31026 | D:13     | Found a basalt altar of Yredelemnul.
 31438 | D:14     | Noticed Snorg
 31476 | D:14     | Killed Snorg
 32175 | D:14     | Reached XP level 16. HP: 89/92 MP: 17/28
 32621 | D:15     | Entered Level 15 of the Dungeon
 32621 | D:15     | Found Bifyer's Assorted Antiques.
 32630 | D:15     | Bought a scroll labeled WOUMEXZ NOASS for 29 gold pieces
 32636 | D:15     | Found Inuriroan's General Store.
 32814 | D:15     | Found a white marble altar of Elyvilon.
 32938 | D:15     | Found a frozen archway.
 32946 | IceCv    | Entered an ice cave
 33769 | IceCv    | Got a slimy shield
 33954 | IceCv    | Identified the +2 shield of Theory {rPois Int+2} (You found it in an ice cave)
 34145 | D:15     | Found Igifinas's Antique Weapon Shop.
 34831 | D:15     | Found a staircase to the Depths.
 35215 | Spider:1 | Entered Level 1 of the Spider Nest
 35238 | Spider:1 | Noticed Aizul
 35486 | Lair:2   | Killed Aizul
 36181 | Lair:2   | Reached skill level 5 in Evocations
 36483 | Lair:2   | Reached skill level 16 in Earth Magic
 37875 | Spider:2 | Reached XP level 17. HP: 99/99 MP: 29/29
 38744 | Spider:2 | HP: 5/100 [spark wasp (21)]
 38744 | Spider:2 | HP: 1/100 [spark wasp (4)]
 38887 | Spider:2 | HP: 5/100 [demonic crawler (5)]
 38887 | Spider:2 | HP: 1/100 [demonic crawler (4)]
 40797 | Spider:4 | Entered Level 4 of the Spider Nest
 40867 | Spider:4 | Reached skill level 17 in Earth Magic
 41529 | Spider:4 | Reached XP level 18. HP: 95/105 MP: 3/30
 42593 | Spider:4 | Got a gossamer rune of Zot
 42594 | Spider:4 | Mangled by an emperor scorpion

Vault maps used:
D:1:      minmay_arrival_three_doors, grunt_decor_resistance, minmay_octomino_c4
D:3:      first_ration, st_stairs_8, kennysheep_nub
D:4:      cheibrodos_old_hovel, gup_sewer_entry_bowl, uniq_crazy_yiuf_cottage
D:5:      lemuel_temple_firewalk_b, basic_altar, serial_shops, shop,
          uniq_blork_the_orc
D:6:      hangedman_decor_peaks_small, guppyfry_shop_venom
D:7:      kennysheep_little_box, basic_altar
D:9:      kennysheep_big_flooded_room, serial_shops, shop_fountains, the_bakery,
          grunt_ministairs_1, chequers_big_river, minivault_16, uniq_erica
D:10:     zombieorc2_lemuel, serial_shops, nicolae_shop_window_shopping
D:11:     minmay_the_grid_octo_tiled_octocenter_mashed, minmay_lair_entry_lava
D:12:     uniq_urug
D:13:     erik_vaults_2, basic_altar
D:14:     gargoyle_guard, minmay_misc_feat_plants, uniq_snorg
D:15:     gammafunk_enter_depths_forms, hangedman_decor_riveting, serial_shops,
          shop_fountains, shop, shop, portal_ice_cave_entry_pillars_1,
          minmay_misc_feat_rugged, corner_web_ring, elyvilon_altar_3
Temple:   kilobyte_greek_temple
Lair:1:   grunt_megastairs_3, lemuel_fruit_fields
Lair:2:   mu_elephants_graveyard, shoals_dummy_entry, spider_nest_entry_rubble,
          uniq_nergalle
Lair:3:   beast_lair_carwin_9
Lair:4:   minmay_lair_venomous_thicket, minivault_11,
          kennysheep_catoblepas_arena, uniq_harold, uniq_sonja
Lair:5:   slime_dummy, minmay_lair_oklob_chamber, infiniplex_staircase_pool_2
Lair:6:   grunt_lair_end_beastmaster, serial_bayou_shore_b, grunt_megastairs_4,
          serial_bayou_shore_b, lemuel_fruit_tree
Spider:1: uniq_aizul
Spider:3: nicolae_spider_corner
Spider:4: grunt_spider_rune_circles
Orc:2:    st_orc_elflike
Sewer:    sewer_co_tree
IceCv:    ice_cave_caverns_01

Skill      XL: |  1  2  3  4  5  6  7  8  9 10 11 12 13 14 15 16 17 18 |
---------------+-------------------------------------------------------+-----
Earth Magic    | 4 5 6 7 8 9 10 11 12 13 14 15 16 17 | 17.5
Spellcasting   | 3 4 5 6 7 8 |  8.1
Conjurations   | 1 2 3 4 5 6 7 8 |  8.8
Staves         | 3 6 8 9 10 11 12 13 | 13.2
Invocations    | 2 4 5 7 8 9 11 12 13 14 | 14.3
Fighting       | 1 3 5 6 7 8 9 |  9.0
Armour         | 1 3 5 6 7 8 9 |  9.0
Shields        | 1 3 5 6 7 8 9 |  9.0
Dodging        | 3 4 5 6 7 |  7.9
Fire Magic     | 1 |  1.0
Evocations     | 3 5 7 8 |  8.3
Stealth        | |  2.1
Transmutations | |  0.7

Action                   |  1- 3 |  4- 6 |  7- 9 | 10-12 | 13-15 | 16-18 || total
-------------------------+-------+-------+-------+-------+-------+-------++-------
Melee: Unarmed           |     1 |       |       |       |       |       ||     1
       Dagger            |    36 |    22 |       |       |       |       ||    58
       War axe           |       |    21 |   204 |   569 |   773 |       ||  1567
       Quarterstaff      |       |       |       |       |    32 |       ||    32
       Staff             |       |       |       |       |   303 |  1748 ||  2051
       Flail             |       |       |       |       |   246 |       ||   246
 Cast: Sandblast         |    35 |    58 |    86 |    84 |   115 |       ||   378
       Stone Arrow       |       |     1 |    35 |   188 |   429 |   290 ||   943
       Lee's Rapid Decon |       |       |       |       |     2 |    22 ||    24
Invok: Recite            |       |       |     2 |    19 |    29 |    12 ||    62
       Vitalisation      |       |       |       |       |       |     5 ||     5
       Sanctuary         |       |       |       |       |       |     1 ||     1
 Abil: Fly               |       |       |       |       |     1 |       ||     1
Evoke: Wand              |       |       |       |       |     4 |    32 ||    36
       Lightning rod     |       |       |       |       |       |     4 ||     4
  Use: Scroll            |     2 |     5 |     5 |    15 |     8 |    13 ||    48
       Potion            |       |     2 |     1 |       |     1 |    12 ||    16
 Stab: Distracted        |       |       |     1 |     1 |       |     1 ||     3
       Sleeping          |       |       |     3 |     3 |     4 |     4 ||    14
       Invisible         |       |       |       |     2 |     8 |       ||    10
       Paralysed         |       |       |       |     2 |    67 |    97 ||   166
       Confused          |       |       |       |     5 |    15 |     2 ||    22
       Petrified         |       |       |       |       |     4 |       ||     4
       Petrifying        |       |       |       |       |     1 |       ||     1
  Eat: Chunk             |     3 |     5 |    12 |    24 |    32 |    22 ||    98
       Ration            |       |       |     1 |     4 |     6 |     5 ||    16
Armor: Robe              |    14 |    14 |   135 |    45 |       |       ||   208
       Skin              |       |     5 |       |       |       |       ||     5
       Leather armour    |       |       |       |    29 |       |       ||    29
       Troll leather arm |       |       |       |   381 |   859 |  1328 ||  2568
Dodge: Dodged            |    20 |    24 |   149 |   484 |  1086 |  1424 ||  3187
Block: Buckler           |       |    22 |    83 |   328 |   697 |   948 ||  2078

Table legend:
 A = Spawn XP
 B = Non-spawn XP
 C = Spawn XP percentage of total XP
 D = Spawn monster count
 E = Non-spawn monster count
 F = Spawn count percentage of total count
 G = Total turns spent on level
                    A         B        C        D         E        F      G
               +---------+---------+-------+---------+---------+-------+---------
         Total |       0 |  260367 |   0.0 |       0 |    1057 |   0.0 | 42594
               +---------+---------+-------+---------+---------+-------+---------
           D:1 |       0 |      30 |   0.0 |       0 |      16 |   0.0 |  1000
           D:2 |       0 |      57 |   0.0 |       0 |      16 |   0.0 |  1015
           D:3 |       0 |      81 |   0.0 |       0 |      19 |   0.0 |   982
           D:4 |       0 |     744 |   0.0 |       0 |      22 |   0.0 |   744
           D:5 |       0 |     938 |   0.0 |       0 |      19 |   0.0 |   888
           D:6 |       0 |    1222 |   0.0 |       0 |      21 |   0.0 |  1308
           D:7 |       0 |     740 |   0.0 |       0 |      28 |   0.0 |   707
           D:8 |       0 |    2397 |   0.0 |       0 |      31 |   0.0 |  1293
           D:9 |       0 |    4569 |   0.0 |       0 |      36 |   0.0 |  2333
          D:10 |       0 |    6068 |   0.0 |       0 |      88 |   0.0 |  1872
          D:11 |       0 |   11042 |   0.0 |       0 |      51 |   0.0 |  2319
          D:12 |       0 |    5007 |   0.0 |       0 |      18 |   0.0 |  1333
          D:13 |       0 |   10364 |   0.0 |       0 |      20 |   0.0 |  1282
          D:14 |       0 |   11776 |   0.0 |       0 |      38 |   0.0 |  1543
          D:15 |       0 |    7139 |   0.0 |       0 |      19 |   0.0 |  1351
        Lair:1 |       0 |    4828 |   0.0 |       0 |      24 |   0.0 |  1175
        Lair:2 |       0 |   32822 |   0.0 |       0 |      87 |   0.0 |  3648
        Lair:3 |       0 |    4711 |   0.0 |       0 |      22 |   0.0 |  1246
        Lair:4 |       0 |    8997 |   0.0 |       0 |      31 |   0.0 |  1680
        Lair:5 |       0 |    7972 |   0.0 |       0 |      28 |   0.0 |  1641
        Lair:6 |       0 |   25735 |   0.0 |       0 |      65 |   0.0 |  2931
      Spider:1 |       0 |    7961 |   0.0 |       0 |      21 |   0.0 |   700
      Spider:2 |       0 |   15532 |   0.0 |       0 |      46 |   0.0 |  1516
      Spider:3 |       0 |   35549 |   0.0 |       0 |      75 |   0.0 |  1773
      Spider:4 |       0 |   29996 |   0.0 |       0 |      80 |   0.0 |  1674
         Orc:1 |       0 |    3307 |   0.0 |       0 |      31 |   0.0 |   929
         Orc:2 |       0 |    8579 |   0.0 |       0 |      28 |   0.0 |  1604
         Sewer |       0 |     531 |   0.0 |       0 |      28 |   0.0 |   830
         IceCv |       0 |   11673 |   0.0 |       0 |      49 |   0.0 |  1074
               +---------+---------+-------+---------+---------+-------+---------
